Match 46523937
Unlisted

Match 46523937
End
Scout Squad
Construct Barracks
Riflemen Squad
1⁄4-ton 4x4 Truck
Riflemen Squad
Infantry Support Center
Selects Airborne Battlegroup
Selects Heavy Machine Gun Paradrop
Heavy Machine Gun Paradrop
Grenade Package
Selects Paratrooper Squad Paradrop
Construct Medical Station
M1 Mortar Team
Nedish
Hanzawilhelm Longbowman of Crécy
CAuMOH
K̳itsuné
0
0

Comments sign in to comment!

No comments posted yet!